 Dungeon Crawl Stone Soup version 0.26.0-10-g1f06aea511 (webtiles) character file.

Game seed: 3436704426298695234

97 tsouns the Chiller (level 4, -4/26 HPs)
             Began as a Tengu Ice Elementalist on Jan 19, 2021.
             Was an Initiate of Okawaru.
             Slain by an orc wizard
             ... wielding a +0 dagger of electrocution
              (19 damage)
             ... on level 3 of the Dungeon.
             The game lasted 00:04:13 (2522 turns).

tsouns the Chiller (Tengu Ice Elementalist)         Turns: 2522, Time: 00:04:15

Health: -4/26      AC:  5    Str: 10    XL:     4   Next: 68%
Magic:  4/8        EV: 12    Int: 15    God:    Okawaru [......]
Gold:   135        SH:  0    Dex: 14    Spells: 0/7 levels left

rFire    . . .     SeeInvis .   f - +0 spear
rCold    . . .     Faith    .   (no shield)
rNeg     . . .     Spirit   .   a - +0 robe
rPois    .         Reflect  .   (helmet restricted)
rElec    .         Harm     .   q - +2 cloak
rCorr    .         Rampage  .   (no gloves)
Will     .....                  (boots unavailable)
Stlth    ++........             b - amulet of the acrobat
HPRegen  0.08/turn              (no ring)
MPRegen  0.11/turn              (no ring)

@: no status effects
A: beak, talons 3
a: Renounce Religion


You were on level 3 of the Dungeon.
You worshipped Okawaru.
Okawaru was noncommittal.
You visited 1 branch of the dungeon, and saw 3 of its levels.

You collected 135 gold pieces.

Inventory:

Hand Weapons
 e - a +0 club
 f - a +0 spear (weapon)
Armour
 a - a +0 robe (worn)
 q - a +2 cloak (worn)
Jewellery
 b - an amulet of the acrobat (around neck)
 m - an uncursed ring of resist corrosion
 r - a cursed amulet of inaccuracy {unknown}
Scrolls
 j - a scroll of immolation
 l - 2 scrolls of fear
Potions
 h - a potion of brilliance
 i - a potion of magic
 k - a potion of attraction {unknown}
 n - a potion of might {unknown}
 o - a potion of ambrosia {unknown}


   Skills:
 + Level 2.1 Fighting
 * Level 3.4 Polearms
 - Level 2.1 Dodging
 - Level 2.0 Stealth
 - Level 2.1 Spellcasting
 - Level 3.6 Ice Magic


You couldn't memorise any spells.
You knew the following spells:

 Your Spells              Type           Power        Failure   Level
a - Freeze                Ice            48%          4%          1
b - Frozen Ramparts       Ice            24%          14%         3
c - Ozocubu's Armour      Ice            12%          14%         3

Your spell library contained the following spells:

 Spells                   Type           Power        Failure   Level
 Hailstorm                Conj/Ice       7%           71%         4
 Summon Ice Beast         Ice/Summ       7%           71%         4


Dungeon Overview and Level Annotations

Branches:
Dungeon (3/15)

Altars:
Nemelex Xobeh
Okawaru


Innate Abilities, Weirdness & Mutations

You have a beak for a mouth.
You have claws for feet.


Message History

The orc is heavily wounded.
The orc hits you with a +0 hand axe.
You hit the orc.
You kill the orc!
Okawaru accepts your kill.
An adder comes into view.
The adder hisses angrily.
You hit something but do no damage. Your peck misses something.
You hear some strange, mumbled words.
A magic dart appears from out of thin air!
The magic dart hits you.
Casting: Freeze (safe; 4% risk of failure)
Confirm with . or Enter, or press ? or * to list all spells.
Aiming: Freeze (safe; 4% risk of failure)
Press: ? - help, Shift-Dir - straight line, f - you You can't see any hostile targets that would be affected.
You freeze something. Something hits you but does no damage.
You are electrocuted!!
Ouch! That really hurt!
You die...

..oo #####.##
.......# #
####...# ##
.### # .#
....... ###
.#... .†###
...# ....#
#######)..##..
P...#
#..@{S)......#
P...#
#.#####...##.#
P..P# .. #.##
P..## ## .#
##.# # .### ##
#.#


You could see an adder.

Vanquished Creatures
  3 adders (D:2)
  3 worms (D:3)
  2 leopard geckos
  8 orcs (D:3)
  2 giant cockroaches
  4 goblins
  4 hobgoblins
  4 jackals
  3 bats
  12 frilled lizards
  4 kobolds
  6 rats
55 creatures vanquished.

Vanquished Creatures (others)
  5 plants (D:3)
5 creatures vanquished.

Grand Total: 60 creatures vanquished

Notes
Turn   | Place    | Note
-------+----------+-------------------------------------------
     0 | D:1      | tsouns the Tengu Ice Elementalist began the quest for the
                  | Orb.
     0 | D:1      | Reached XP level 1. HP: 10/10 MP: 4/4
   251 | D:1      | Found a sparkling altar of Nemelex Xobeh.
   512 | D:1      | Reached XP level 2. HP: 13/16 MP: 6/6
   753 | D:1      | Reached skill level 1 in Polearms
   926 | D:2      | Reached skill level 1 in Fighting
  1149 | D:2      | Reached XP level 3. HP: 20/20 MP: 5/7
  1210 | D:2      | Learned a level 3 spell: Frozen Ramparts
  1683 | D:2      | Found an iron altar of Okawaru.
  1694 | D:2      | Became a worshipper of Warmaster Okawaru
  2082 | D:3      | Reached XP level 4. HP: 26/26 MP: 8/8
  2194 | D:3      | Learned a level 3 spell: Ozocubu's Armour
  2522 | D:3      | Slain by an orc wizard

Illustrated notes

Levels and vault maps discovered:
D:1:      dpeg_arrival_simpleton_a, layout_loops_ring,
          nemelex_xobeh_ov_fountains_minmay
D:2:      layout_loops_ring, okawaru_ov_weapons_minmay
D:3:      layout_loops_ring, zin_angel, serial_glass, glass_columns_a,
          glass_columns_b, portal_sewer_entry_e, minmay_lizard_king,
          uniq_grinder, uniq_terence, uniq_jessica

Skill      XL: |  1  2  3  4 |
---------------+-------------+-----
Polearms       | 1 2 3 |  3.4
Fighting       | 1 2 |  2.1
Dodging        | |  2.1
Stealth        | |  2.0
Spellcasting   | |  2.1
Ice Magic      | |  3.6

Action                   |  1- 3 |  4- 6 || total
-------------------------+-------+-------++-------
Melee: Spear             |    31 |    22 ||    53
       Unarmed           |     4 |       ||     4
       Peck              |     4 |     4 ||     8
       Kick              |     5 |     3 ||     8
 Cast: Freeze            |    37 |    31 ||    68
       Frozen Ramparts   |       |     2 ||     2
  Use: Scroll            |       |     7 ||     7
 Stab: Sleeping          |     2 |       ||     2
       Distracted        |       |     1 ||     1
Armor: Robe              |     7 |     8 ||    15
Dodge: Dodged            |    25 |    12 ||    37
